 Dungeon Crawl Stone Soup version 0.30-a0-800-g7c544603b3 (webtiles) character file.

Game seed: 16137949988267520654

1578 Khashishi the Stinger (level 8, -6/69 HPs)
             Began as a Naga Venom Mage on Feb 22, 2023.
             Was an Initiate of Yredelemnul.
             Shot with a bolt by an orc warrior (17 damage)
             ... on level 7 of the Dungeon.
             The game lasted 00:34:00 (4607 turns).

Khashishi the Stinger (Naga Venom Mage)             Turns: 4607, Time: 00:34:01

Health: -6/69      AC:  2    Str: 10    XL:     8   Next: 91%
Magic:  4/15       EV: 19    Int: 18    God:    Yredelemnul [......]
Gold:   106        SH:  0    Dex: 17    Spells: 4/17 levels left

rFire   + . .      SeeInvis +      - Unarmed
rCold   x . .      Faith    +    (shield currently unavailable)
rNeg    + . .      Spirit   .    (body armour currently unavailable)
rPois   x          Reflect  .    (helmet currently unavailable)
rElec   .          Harm     .    (cloak currently unavailable)
rCorr   .          Rampage  .    (gloves currently unavailable)
Will    +....                    (no barding)
Stlth   ++++                     k - amulet of faith
HPRegen 0.31/turn                q - ring of positive energy
MPRegen 0.14/turn                l - ring of fire

@: spider-form (expiring), on berserk cooldown, slowed, very slow
A: venomous fangs, AC +2, tiny, see invisible, (deformed body), (poison
resistance), (slowness 2), spit poison 1, (naga tail 1)
a: Spit Poison, End Transformation, Renounce Religion, Recall Undead Harvest


You were on level 7 of the Dungeon.
You worshipped Yredelemnul.
Yredelemnul was noncommittal.
You were a venomous arachnid creature.
You visited 2 branches of the dungeon, and saw 10 of its levels.

You collected 355 gold pieces.
You spent 249 gold pieces at shops.

Inventory:

Hand Weapons
 a - a +1 dagger of speed (melded)
 h - a +1 whip of venom
 C - the +1 flail of Agony {freeze, rCorr}
   (You found it on level 3 of the Dungeon)

   rCorr:     It protects you from acid and corrosion.
Missiles
 y - 30 stones
 F - 4 poisoned darts
Armour
 j - a +0 pair of gloves (melded)
 w - the +2 chain mail of Hataqis {Rampage Str+2}
   (You found it on level 9 of the Dungeon)

   Str:       It affects your strength (+2).
   Rampage:   It bestows one free step when moving towards enemies.
 I - a +0 robe (melded)
Magical Staves
 s - a staff of cold
Jewellery
 k - an amulet of faith (around neck)
 l - a ring of fire (right front pincers)
 n - an amulet of the acrobat
 q - a ring of positive energy (left front pincers)
 u - a ring of positive energy
Wands
 e - a wand of digging (7)
 g - a wand of paralysis (4)
 D - a wand of iceblast (8)
Scrolls
 d - 2 scrolls of blinking
 i - 3 scrolls of poison
 A - a scroll of brand weapon {unknown}
 E - a scroll of immolation {unknown}
Potions
 b - a potion of magic
 f - a potion of invisibility {unknown}
 m - 7 potions of curing
 o - a potion of cancellation {unknown}
 p - 3 potions of brilliance
 r - 2 potions of berserk rage
 t - 2 potions of mutation {unknown}
 v - a potion of lignification {unknown}
 x - 2 potions of haste {unknown}
 B - a potion of degeneration {unknown}
 G - a potion of might {unknown}
 H - 3 potions of flight


   Skills:
 + Level 3.2 Fighting
 - Level 1.5 Dodging
 - Level 7.0 Stealth
 + Level 2.8 Unarmed Combat
 + Level 5.0 Spellcasting
 + Level 5.1 Transmutations
 + Level 7.8 Poison Magic


You had 4 spell levels left.
You knew the following spells:

 Your Spells              Type           Power      Damage    Failure   Level
a - Sting                 Tmut/Pois      100%       1d8       4%          1
b - Poisonous Vapours     Pois/Air       36%        N/A       13%         2
c - Beastly Appendage     Tmut           44%        N/A       7%          1
d - Olgreb's Toxic Radia  Pois           32%        N/A       16%         4
e - Spider Form           Tmut/Pois      27%        N/A       10%         3
f - Wereblood             Tmut           22%        N/A       10%         2

Your spell library contained the following spells:

 Spells                   Type           Power      Damage    Failure   Level
 Mephitic Cloud           Conj/Pois/Air  13%        N/A       32%         3
 Gell's Gravitas          Tloc           4%         N/A       58%         3
 Teleport Other           Tloc           4%         N/A       58%         3
 Dispersal                Tloc           2%         N/A       100%        6


Dungeon Overview and Level Annotations

Branches:
Dungeon (9/15)             Temple (1/1) D:5
   Lair: D:8-11         Orc: D:9-12

Altars:
Ashenzari
Dithmenos
Fedhas
Kikubaaqudgha
Makhleb
Nemelex Xobeh
Okawaru
Qazlal
Ru
Sif Muna
Trog
Uskayaw
Vehumet
Wu Jian
Xom
Yredelemnul
Zin
The Shining One

Shops:
D:5 *


Innate Abilities, Weirdness & Mutations

You are a venomous arachnid creature.
You have venomous fangs.
You are tiny and dextrous.
Your spellcasting is less reliable in this form.
Your armour is entirely melded.
You are incapable of wielding weapons or throwing items.
((Your serpentine skin is tough. (AC +2)))
You have supernaturally acute eyesight. (SInv)
((Armour fits poorly on your strangely shaped body.))
((Your system is resistant to poisons. (rPois)))
((You cover ground very slowly.))
You can spit poison.
((You have a snake-like lower body.))


Message History

You hit the gnoll sergeant.
The gnoll sergeant is almost dead.
The gnoll sergeant closely misses you.
The orc warrior shoots a bolt.
The bolt hits you! The gnoll sergeant blocks your attack.
The gnoll sergeant is almost dead.
The gnoll sergeant barely misses you.
The gnoll sergeant hits you with a +2 vampiric spear.
The orc warrior shoots a bolt.
The bolt hits you!!
* * * LOW HITPOINT WARNING * * *
You feel much better.
An orc wizard comes into view. It is wielding a +0 dagger.
The gnoll sergeant completely misses you.
The orc warrior shoots a bolt.
The bolt completely misses you. The gnoll sergeant blocks your attack.
The gnoll sergeant is almost dead.
The gnoll sergeant hits you with a +2 vampiric spear!
The gnoll sergeant draws strength from your wounds!
The orc warrior shoots a bolt.
The bolt barely misses you. The bolt hits your gnoll zombie!
Your gnoll zombie is destroyed!
The gnoll sergeant hits you with a +2 vampiric spear!
* * * LOW HITPOINT WARNING * * *
The gnoll sergeant draws strength from your wounds!
The orc warrior shoots a bolt.
The bolt misses you.
Okay, then.
Unknown command.
Okay, then.
You barely miss the gnoll sergeant.
The gnoll sergeant is heavily wounded.
Your transformation is almost over.
The gnoll sergeant completely misses you.
The orc warrior shoots a bolt.
The bolt closely misses you.
As you read the scroll labelled MELYEW CECIEFA, it crumbles to dust.
It is a scroll of enchant weapon.
Your +0 dagger of speed glows red for a moment.
The gnoll sergeant completely misses you.
The orc warrior shoots a bolt.
The bolt hits you!
You die...
Your body rises from the dead as a mindless zombie.

. .# .# #.# #.
#.. #. .. #.
.# # #.##.##.#
#.......#
#.>.)...##
#))s..o..#
.......#g#.#.#
#####..oo..#
#..#.....
#......#.#
##.#.### #
#.... ## ..


You could see an orc warrior, a gnoll sergeant and an orc.

Vanquished Creatures
  Maggie (D:8)
  A water moccasin (D:9)
  2 orc warriors (D:5)
  2 ogres
  A phantom (D:5)
  A bullfrog (D:8)
  A necrophage (D:5)
  2 howler monkeys (D:5)
  A jelly (D:5)
  2 orc priests (D:5)
  3 hounds
  An iguana (D:4)
  5 orc wizards
  8 gnolls
  8 adders
  A dart slug (D:4)
  19 orcs
  9 ball pythons
  8 bats
  9 endoplasms
  4 giant cockroaches
  2 goblins
  5 hobgoblins
  2 jackals (D:1)
  5 quokkas
  2 frilled lizards (D:1)
  5 kobolds
  A rat (D:1)
111 creatures vanquished.

Vanquished Creatures (others)
  3 gnoll zombies (D:7)
  3 orc zombies (D:8)
  4 toadstools (D:4)
10 creatures vanquished.

Grand Total: 121 creatures vanquished

Notes
Turn   | Place    | Note
-------+----------+-------------------------------------------
     0 | D:1      | Khashishi the Naga Venom Mage began the quest for the Orb.
     0 | D:1      | Reached XP level 1. HP: 15/15 MP: 3/3
   237 | D:1      | Reached XP level 2. HP: 22/22 MP: 5/5
   245 | D:1      | Learned a level 2 spell: Poisonous Vapours
   557 | D:1      | Reached XP level 3. HP: 28/28 MP: 3/6
   844 | D:2      | Found a faded altar of an unknown god.
  1216 | D:2      | Learned a level 1 spell: Beastly Appendage
  1793 | D:3      | Reached XP level 4. HP: 31/36 MP: 2/7
  2035 | D:3      | Learned a level 4 spell: Olgreb's Toxic Radiance
  2127 | D:3      | Identified the +1 flail of Agony {freeze, rCorr}
  2324 | D:3      | Found a sparkling altar of Nemelex Xobeh.
  2525 | D:4      | Reached skill level 5 in Poison Magic
  2531 | D:4      | Reached XP level 5. HP: 26/42 MP: 2/9
  2721 | D:4      | Reached skill level 5 in Stealth
  2892 | D:4      | Found a glowing golden altar of the Shining One.
  2902 | D:4      | Found a glowing silver altar of Zin.
  2905 | D:4      | Found a stormy altar of Qazlal.
  2911 | D:4      | Found an ornate altar of the Wu Jian Council.
  2982 | D:4      | Noticed an ogre
  2992 | D:4      | Killed an ogre
  2993 | D:4      | Reached XP level 6. HP: 49/49 MP: 0/11
  3224 | D:5      | Entered Level 5 of the Dungeon
  3319 | D:5      | Learned a level 3 spell: Spider Form
  3410 | D:5      | Reached XP level 7. HP: 23/55 MP: 7/12
  3471 | D:5      | Found Izxos's Assorted Antiques.
  3643 | D:5      | Found a bloodstained altar of Trog.
  3756 | D:5      | Found a shimmering blue altar of Sif Muna.
  3764 | D:5      | Got Sif Muna's Reference Book on the Coward
  3789 | D:5      | Reached skill level 1 in Fighting
  3861 | D:5      | Reached XP level 8. HP: 35/64 MP: 1/14
  3866 | D:5      | Bought a forked fluorescent wand for 112 gold pieces
  3866 | D:5      | Bought a viscous pink potion for 25 gold pieces
  3866 | D:5      | Bought a forked copper wand for 112 gold pieces
  3918 | D:5      | Reached skill level 1 in Unarmed Combat
  4102 | D:5      | Found an ancient bone altar of Kikubaaqudgha.
  4123 | D:5      | Learned a level 2 spell: Wereblood
  4143 | D:5      | Found a shadowy altar of Dithmenos.
  4199 | D:5      | Found a staircase to the Ecumenical Temple.
  4206 | Temple   | Entered the Ecumenical Temple
  4266 | Temple   | Became a worshipper of Yredelemnul the Dark
  4426 | D:6      | You fall into a shaft and drop 3 floors!
  4442 | D:9      | Identified the +2 chain mail of Hataqis {Rampage Str+2}
  4477 | D:9      | Noticed a yak
  4511 | D:9      | Noticed a shadow
  4567 | D:8      | Noticed Maggie
  4587 | D:8      | Killed Maggie
  4589 | D:8      | Reached skill level 5 in Transmutations
  4590 | D:8      | Reached * piety under Yredelemnul
  4591 | D:8      | Reached skill level 5 in Spellcasting
  4607 | D:7      | Shot with a bolt by an orc warrior

Illustrated notes

Levels and vault maps discovered:
D:1:      dpeg_cavernosity, layout_basic, hangedman_decor_growths
D:2:      layout_basic, ebering_ecumenical_altar_abandoned
D:3:      layout_loops_ring, overflow_temple_1_default
D:4:      layout_cave_pools, grunt_temple_overflow_cloverleaf,
          chequers_serial_rivers_small_a, minmay_misc_feat_doors,
          minmay_gold_behind_fungi, kennysheep_decorative_pillar
D:5:      layout_loops_cross, nzn_overflow_gifts_of_might_and_magic,
          general_overflow_altar, nicolae_dithmenos_the_darkroom, temple_green,
          serial_shops, shop_fountains, serial_glass, glass_columns_b,
          glass_columns_a, nicolae_figureground_sparkle
D:6:      layout_layer_cave, slow_altar_1, mainiacjoe_overflow_tiny_flanked
D:7:      layout_loops_cross, nicolae_hepliaklqana_monster_ancestors,
          enter_bailey_3
D:8:      layout_rooms, uniq_maggie
D:9:      layout_irregular_city, grunt_gozag_breadcrumbs, st_stairs_7,
          uniq_erolcha, uniq_psyche
Temple:   nicolae_temple_cloud_nine

Skill      XL: |  1  2  3  4  5  6  7  8 |
---------------+-------------------------+-----
Stealth        | 4 5 6 7 |  7.0
Transmutations | 2 3 4 5 |  5.1
Poison Magic   | 5 6 7 |  7.8
Spellcasting   | 3 4 5 |  5.0
Fighting       | 1 3 |  3.2
Unarmed Combat | 2 |  2.8
Dodging        | |  1.5

Action                     |  1- 3 |  4- 6 |  7- 9 || total
---------------------------+-------+-------+-------++-------
  Melee: Dagger            |    21 |    26 |    19 ||    66
         Unarmed           |       |       |    46 ||    46
   Cast: Sting             |    31 |    28 |    25 ||    84
         Olgreb's Toxic Ra |       |     2 |    13 ||    15
         Spider Form       |       |       |     3 ||     3
Ability: Spit Poison       |    22 |    22 |    17 ||    61
    Use: Scroll            |     1 |     7 |     3 ||    11
         Potion            |       |     1 |     4 ||     5
   Stab: Sleeping          |     8 |    10 |     2 ||    20
 Armour: Robe              |     8 |     8 |    12 ||    28
         Skin              |       |       |     2 ||     2
  Dodge: Dodged            |    27 |    28 |    99 ||   154

Table legend: (Time is in decaauts)
 A = Elapsed time spent in this place.
 B = Non-inter-level travel time spent in this place.
 C = Inter-level travel time spent in this place.
 D = Time resting spent in this place.
 E = Time spent auto-exploring this place.
 F = Levels seen in this place.
 G = Mean time per level.
                   A        B        C        D        E       F      G
               +--------+--------+--------+--------+--------+-----+--------+
         Total |   6157 |   5780 |    377 |    146 |   3466 |  10 |  615.7 |
       Dungeon |   6065 |   5688 |    377 |    146 |   3416 |   9 |  673.9 |
        Temple |     92 |     92 |      0 |      0 |     50 |   1 |   92.0 |
               +--------+--------+--------+--------+--------+-----+--------+

Top non-repeatable levels by time:
     D:5: 1459 daAuts
     D:2: 1298 daAuts
     D:1: 1139 daAuts
     D:3: 1117 daAuts
     D:4: 830 daAuts
     D:9: 136 daAuts
  Temple: 92 daAuts
     D:8: 62 daAuts
     D:7: 20 daAuts
     D:6: 0 daAuts
